Map: Ulrena

Players

ShoWTimE - Winner!

  • Race: Protoss Protoss

HuK

  • Race: Protoss Protoss
  • League: Grandmaster

Event: DreamHack ROCCAT LotV Championship

VOD

Have the link to the VOD?

Description

Time

  • Played on: Nov. 26, 2015, 8:48 a.m.
  • Length: 9:07

All games in this series

Show
View Real Time Build Order
Export as new Build Order

ShoWTimE Protoss - Winner!

Build Orders: Blink Stalkers 

Get SALT Encoding   

  12  0:10  Pylon  
  12  0:13  Probe (Chrono Boost)  
  13  0:28  Gateway  
  13  0:30  Probe (Chrono Boost)  
  14  0:40  Assimilator  
  14  0:41  Probe (Chrono Boost)  
  15  0:51  Probe (Chrono Boost)  
  16  1:02  Probe (Chrono Boost)  
  17  1:06  Assimilator  
  17  1:12  Probe (Chrono Boost)  
  17  1:16  Cybernetics Core  
  18  1:23  Probe (Chrono Boost)  
  19  1:25  Pylon  
  19  1:33  Probe (Chrono Boost)  
  20  1:44  Probe (Chrono Boost)  
  21  1:55  Stalker, Mothership Core (Chrono Boost)  
  21  1:58  Warp Gate  
  25  2:05  Pylon  
  25  2:13  Probe (Chrono Boost)  
  26  2:20  Twilight Council  
  26  2:29  Pylon  
  27  2:31  Pylon  
  26  2:42  Pylon  
  26  2:50  Stalker (Chrono Boost)  
  28  2:52  Probe (Chrono Boost)  
  29  3:03  Probe (Chrono Boost)  
  30  3:08  Blink (Chrono Boost)  
  30  3:19  Stalker (Chrono Boost)  
  33  3:25  Gateway  
  32  3:33  Gateway  
  32  3:38  Pylon  
  32  3:47  Pylon  
  32  3:54  Pylon  
  32  4:01  Sentry  
  34  4:04  Probe  
  31  4:23  Stalker  
  33  4:24  Stalker  
  33  4:30  Stalker  
  33  4:47  Stalker x2  
  37  4:54  Stalker  
  35  5:10  Stalker  
  33  5:24  Robotics Facility  
  33  5:26  Stalker  
  34  5:37  Pylon  
  34  5:39  Stalker  
  36  5:43  Probe (Chrono Boost)  
  37  5:55  Stalker, Probe (Chrono Boost)  
  38  6:12  Observer  
  38  6:14  Probe (Chrono Boost)  
  40  6:28  Stalker x3  
  45  6:35  Probe (Chrono Boost)  
  51  6:47  Probe (Chrono Boost)  
  47  7:00  Sentry  
  50  7:01  Probe (Chrono Boost)  
  50  7:04  Nexus  
  50  7:18  Immortal (Chrono Boost)  
  50  7:22  Probe (Chrono Boost)  
  55  7:32  Probe (Chrono Boost)  
  55  7:36  Stalker x2  
  60  7:43  Probe  
  61  7:46  Sentry  
  61  7:50  Pylon  
  63  8:01  Immortal (Chrono Boost)  
  67  8:11  Sentry, Stalker  
  71  8:18  Stalker  
  73  8:24  Pylon  
  74  8:34  Observer (Chrono Boost)  
  74  8:39  Stalker  
  76  8:48  Stalker  
  68  8:56  Stalker  
Show
View Real Time Build Order
Export as new Build Order

HuK Protoss 

Build Orders:  

Get SALT Encoding   

  12  0:09  Pylon  
  12  0:13  Probe (Chrono Boost)  
  14  0:29  Gateway  
  14  0:30  Probe (Chrono Boost)  
  14  0:41  Probe (Chrono Boost), Assimilator  
  15  0:51  Probe (Chrono Boost)  
  16  0:57  Assimilator  
  16  1:02  Probe (Chrono Boost)  
  17  1:12  Probe (Chrono Boost)  
  17  1:16  Cybernetics Core  
  18  1:23  Probe (Chrono Boost)  
  21  1:33  Probe (Chrono Boost)  
  22  1:44  Probe (Chrono Boost)  
  21  1:54  Warp Gate (Chrono Boost)  
  21  1:55  Mothership Core (Chrono Boost)  
  23  2:03  Gateway  
  23  2:17  Gateway  
  23  2:20  Gateway  
  23  2:24  Pylon  
  23  2:25  Pylon  
  23  2:27  Pylon  
  22  2:42  Stalker  
  24  2:56  Probe  
  24  2:57  Stalker  
  27  3:07  Stalker  
  27  3:08  Stalker, Probe  
  32  3:27  Pylon  
  32  3:40  Pylon  
  32  3:41  Pylon  
  31  3:54  Pylon  
  31  3:56  Pylon  
  29  4:11  Stalker  
  29  4:15  Stalker  
  29  4:16  Stalker x2  
  30  4:41  Stalker x2  
  30  4:42  Stalker  
  30  4:45  Stalker  
  30  5:11  Mothership Core  
  26  5:14  Adept x3  
  28  5:23  Pylon  
  28  5:28  Stalker  
  30  5:42  Stalker  
  32  5:49  Stalker  
  34  5:56  Stalker  
  36  6:10  Stalker  
  38  6:18  Stalker  
  40  6:34  Robotics Facility  
  40  6:39  Sentry  
  42  6:52  Pylon  
  42  7:04  Stalker x2  
  46  7:22  Warp Prism (Chrono Boost)  
  48  7:30  Stalker  
  48  7:36  Stalker  
  52  7:48  Stalker  
  54  8:03  Pylon  
  54  8:05  Pylon  
  54  8:22  Sentry x2  
  54  8:24  Adept x2  
  60  8:53  Stalker x2  
  56  9:00  Stalker  

Tags
 
Add a new tag
Caveats
  • Supply blocks, unpowered buildings, or Contaminate may cause inaccurate times.
  • Supply counts are checked every 10 seconds.